 Dungeon Crawl Stone Soup version 0.23.1 (webtiles) character file.

Game seed: 5123327232452880975

67 Borgoz the Cutter (level 4, -6/37 HPs)
             Began as a Ghoul Gladiator on Mar 8, 2019.
             Mangled by an orc
             ... wielding a +1 flail of holy wrath
              (8 damage)
             ... on level 2 of the Dungeon.
             The game lasted 00:02:48 (1739 turns).

Borgoz the Cutter (Ghoul Gladiator)                 Turns: 1739, Time: 00:02:49

Health: -6/37      AC:  6    Str: 17    XL:     4   Next: 18%
Magic:  3/3        EV: 13    Int:  9    God:
Gold:   70         SH:  0    Dex: 10    Spells: 3/3 levels left

rFire    . . .     SeeInvis .   m - +0 dagger (venom)
rCold    + . .     Gourm    .   (no shield)
rNeg     + + +     Faith    .   l - +0 ring mail
rPois    ∞         Spirit   .   c - +0 helmet
rElec    .         Reflect  .   (no cloak)
rCorr    .         Harm     .   (no gloves)
MR       .....                  (no boots)
Stlth    +.........             (no amulet)
HPRegen  0.00/turn              i - +2 ring of evasion (curse)
MPRegen  0.08/turn              (no ring)

@: brilliant, rotting
A: rotting body, claws 1, carnivore, cold resistance 1, negative energy
resistance 3, inhibited regeneration, torment resistance, unbreathing
a: no special abilities


You were on level 2 of the Dungeon.
You were not hungry.

You visited 1 branch of the dungeon, and saw 3 of its levels.

You collected 70 gold pieces.

Inventory:

Hand Weapons
 a - a +0 rapier
 m - a +0 dagger of venom (weapon)
Missiles
 d - 3 throwing nets (quivered)
Armour
 b - a +0 leather armour
 c - a +0 helmet (worn)
 l - a +0 ring mail (worn)
Jewellery
 i - a cursed +2 ring of evasion (left claw)
Scrolls
 g - 2 scrolls of teleportation {unknown}
 k - a scroll of fog {unknown}
 n - 2 scrolls of identify {unknown}
 o - a scroll of remove curse {unknown}
Potions
 j - a potion of curing
Comestibles
 f - 6 rations


   Skills:
 + Level 2.4 Fighting
 * Level 3.8 Short Blades
 - Level 1.7 Throwing
 + Level 0.6 Armour
 + Level 3.1 Dodging
 + Level 0.3 Stealth


You had 3 spell levels left.
You didn't know any spells.
Your spell library was empty.

Dungeon Overview and Level Annotations

Branches:
Dungeon (3/15)

Altars:
Dithmenos


Innate Abilities, Weirdness & Mutations

Your body is rotting away.
You thrive on raw meat.
You are immune to poison.
You have sharp fingernails.
You are carnivorous and can eat meat at any time.
Your flesh is cold resistant. (rC+)
You are immune to negative energy. (rN+++)
You do not regenerate when monsters are visible.
You are immune to unholy pain and torment.
You can survive without breathing.


Message History

You hit the rat.
The rat is poisoned.
The rat is moderately wounded.
The rat bites you but does no damage.
You closely miss the rat.
The rat is moderately wounded.
You kill the rat!
You barely miss the orc.
The orc hits you with a +1 flail of holy wrath.
* * * LOW HITPOINT WARNING * * *
You convulse!
* * * LOW HITPOINT WARNING * * *
You closely miss the orc.
It was a potion of brilliance.
You feel clever all of a sudden. The orc hits you but does no damage.
It was a potion of curing.
You feel better.
The orc hits you with a +1 flail of holy wrath.
* * * LOW HITPOINT WARNING * * *
You convulse!
You die...

................>#
#...^.........##)#
#...##.##.######.#######
.......................#
.....#.##.######.#######
#.............##.# ###
..#..#.##.###.##.# #.#
..##.#.##.# #.##o##### #.#
.......##.###.##@#...####.#
..##......................#
#.##...##..##.##.#.#......#
..##...##..##.##.#.######.#
#.##...##..##.##.#.# #.#
........#..##.##.#.# #.#
#.##.#>##..##.##.#.# #.#
#.##.####..##.##.#.# #.#
#.##.# ##..##.##.#.# ###


You could see an orc.

Vanquished Creatures
  A worker ant (D:2)
  A worm (D:2)
  A dart slug (D:1)
  A leopard gecko (D:1)
  2 giant cockroaches
  A goblin (D:2)
  5 hobgoblins
  2 jackals (D:1)
  A quokka (D:2)
  2 ball pythons
  2 bats (D:1)
  4 frilled lizards
  5 kobolds
  9 rats
37 creatures vanquished.

Notes
Turn   | Place    | Note
-------+----------+-------------------------------------------
     0 | D:1      | Borgoz the Ghoul Gladiator began the quest for the Orb.
     0 | D:1      | Reached XP level 1. HP: 17/17 MP: 0/0
   131 | D:1      | Reached XP level 2. HP: 19/24 MP: 1/1
   583 | D:2      | Reached XP level 3. HP: 25/29 MP: 2/2
   927 | D:2      | Found a shadowy altar of Dithmenos.
  1143 | D:2      | Reached XP level 4. HP: 31/37 MP: 3/3
  1730 | D:2      | HP: 1/36 [orc/+1 flail of holy wrath (7)]
  1739 | D:2      | Mangled by an orc

Skill      XL: |  1  2 |
---------------+-------+-----
Short Blades   | 3 |  3.8
Dodging        | 3 |  3.1
Fighting       | |  2.4
Throwing       | |  1.7
Armour         | |  0.6
Stealth        | |  0.3

Action                   |  1- 3 |  4- 6 || total
-------------------------+-------+-------++-------
Melee: Rapier            |    87 |       ||    87
       Dagger            |       |    35 ||    35
  Use: Potion            |       |     2 ||     2
  Eat: Chunk             |     3 |     2 ||     5
Armor: Leather armour    |    13 |       ||    13
       Ring mail         |     4 |    13 ||    17
Dodge: Dodged            |    58 |    18 ||    76
